 Dungeon Crawl Stone Soup version 0.23.2-33-g5129a83 (webtiles) character file.

Game seed: 5887346269639895869

44046 ryderamthor the Nimble (level 13, -13/186 HPs)
             Began as a Troll Berserker on Aug 5, 2019.
             Was an Elder of Trog.
             Mangled by a wolf spider (28 damage)
             ... on level 3 of the Lair of Beasts on Aug 6, 2019.
             The game lasted 01:18:31 (18794 turns).

ryderamthor the Nimble (Troll Berserker)           Turns: 18794, Time: 01:18:32

Health: -13/186    AC:  8    Str: 33    XL:     13   Next: 94%
Magic:  12/12      EV: 33    Int:  4    God:    Trog [****..]
Gold:   815        SH:  0    Dex: 18    Spells: 12/12 levels left

rFire    . . .     SeeInvis .     - Unarmed
rCold    . . .     Gourm    +   (no shield)
rNeg     . . .     Faith    .   a - +2 robe {MR+}
rPois    .         Spirit   .   (helmet restricted)
rElec    .         Reflect  .   t - scarf {repulsion}
rCorr    .         Harm     .   (gloves unavailable)
MR       ++...                  (boots unavailable)
Stlth    ..........             m - amulet of the acrobat
HPRegen  0.81/turn              D - +6 ring of dexterity
MPRegen  0.13/turn              F - ring of protection from magic

@: berserking, acrobat, repel missiles, very quick
A: large, unfitting armour, claws 3, fast metabolism 3, gourmand, regeneration
1, shaggy fur 1, tough skin 3
a: Berserk, Trog's Hand, Brothers in Arms, Renounce Religion


You were on level 3 of the Lair of Beasts.
You worshipped Trog.
Trog was greatly pleased with you.
You were very full.

You visited 3 branches of the dungeon, and saw 18 of its levels.

You collected 815 gold pieces.

Inventory:

Hand Weapons
 q - a +1 giant spiked club
 u - the +6 falchion of Nedaur {slice, rElec rN+ SInv Stlth+}
   (You found it on level 7 of the Dungeon)

   It inflicts extra damage upon your enemies.
   It insulates you from electricity.
   It protects you from negative energy.
   It lets you see invisible.
   It makes you more stealthy.
Missiles
 p - 15 large rocks (quivered)
Armour
 a - a +2 robe of magic resistance (worn)
 c - a +4 troll leather armour {Snorg}
 r - a +2 large shield
 t - a scarf of repulsion (worn)
Jewellery
 m - an amulet of the acrobat (around neck)
 s - an uncursed ring of protection from magic
 w - the ring "Ligg" {rPois rF+ rN+++ Int-5 SInv}
   (You found it on level 8 of the Dungeon)

   [ring of protection from fire]

   It affects your intelligence (-5).
   It protects you from fire.
   It protects you from poison.
   It renders you almost immune to negative energy.
   It lets you see invisible.
 D - a +6 ring of dexterity (left claw)
 F - a ring of protection from magic (right claw)
Wands
 k - a wand of acid (18)
 x - a wand of iceblast (16)
 A - a wand of digging (7)
 E - a wand of enslavement (11)
 H - a wand of scattershot (8)
 J - a wand of clouds (8)
Scrolls
 f - 7 scrolls of amnesia
 h - 11 scrolls of remove curse
 j - 10 scrolls of identify
 l - 6 scrolls of magic mapping
 v - a scroll of enchant weapon
 y - a scroll of fog
 C - a scroll of enchant armour
 G - a scroll of teleportation
Potions
 d - 7 potions of curing
 e - 5 potions of brilliance
 g - 5 potions of agility
 i - a potion of cancellation
 n - 2 potions of might
 o - 6 potions of flight
 z - a potion of berserk rage
 B - a potion of heal wounds
 K - a potion of haste
Comestibles
 b - 21 rations


   Skills:
 - Level 7.0 Fighting
 - Level 10.2 Maces & Flails
 - Level 11.4 Dodging
 + Level 10.4 Shields
 - Level 10.3 Unarmed Combat


You had 12 spell levels left.
You didn't know any spells.
Your spell library was empty.

Dungeon Overview and Level Annotations

Branches:
Dungeon (14/15)            Temple (0/1) D:5            Lair (3/6) D:11
  Swamp (0/4) Lair:3       Spider (1/4) Lair:3          Orc (0/2) D:11
 Vaults (0/5) D:13

Altars:
Ashenzari
Dithmenos
Fedhas
Gozag
Makhleb
Nemelex Xobeh
Sif Muna
Uskayaw
Yredelemnul
The Shining One

Shops:
D:12 (

Portals:
Trove: D:12 (give 8 scrolls of blinking)

Annotations:
D:9 5 runed translucent doors
D:13 Kirke


Innate Abilities, Weirdness & Mutations

You are too large for most types of armour.
You have claws for hands.
Your metabolism is lightning-fast.
You like to eat raw meat.
Your natural rate of healing is unusually fast.
You are covered in fur. (AC +1)
You have extremely tough skin. (AC +3)


Message History

You feel very sick.
The wolf spider hits you but does no damage.
The wolf spider misses you. The moth of wrath closely misses you.
The wolf spider hits you!
The wolf spider bites you but does no damage.
You climb upwards.
Welcome back to the Lair of Beasts!
You feel very sick.
There is a hole to the Spider Nest here.
Okay, then.
You feel better. The wolf spider closely misses you. The wolf spider bites you!
* * * LOW HITPOINT WARNING * * *
The moth of wrath bites you!
* * * LOW HITPOINT WARNING * * *
The moth of wrath infuriates you!
A red film seems to cover your vision as you go berserk!
You feel yourself moving faster!
You feel mighty! The wolf spider hits you!!
* * * LOW HITPOINT WARNING * * *
The wolf spider barely misses you. The wolf spider hits you!!
You die...

###..###### #.# ###...###.#.##
####. #............## #.#..
###...........## ##...
#..<..###....## ##...
#.....#.###...# #....
##....#...##..### ##§§§.
#....#.>s.##...# #§§§§.
##...#.y@.^##.######.§§§.
##..##.....#..##..§§§§.. #####
###.##...^##.###§§§§§.. #...##
#...#^^...#.###..§§§..
####....###.#.###†^.##..........
#........#.†##..##...##.........
##..........####.##.....#.#...#.
#..........# #..#....#####....
#..........####.......# ###.#


You could see a wolf spider (berserk) and a moth of wrath.

Vanquished Creatures
  Jorgrun (D:12)
  Snorg (D:13)
  A hydra (D:13)
  Erolcha (D:11)
  9 vault guards
  Erica (Lair:2)
  A centaur warrior (D:14)
  2 two-headed ogres
  A tengu warrior (D:14)
  Pikel (D:8)
  An ugly thing (D:11)
  3 deep elf magi
  3 manticores
  4 cyclopes
  2 black mambas
  Psyche (D:9)
  A gargoyle (D:13)
  3 centaur skeletons
  2 kobold demonologists (D:14)
  4 spiny frogs
  A komodo dragon (Lair:1)
  A tengu conjurer (D:14)
  2 jumping spiders (Lair:3)
  5 trolls
  Grinder (D:6)
  9 slime creatures
  9 blink frogs (Lair:2)
  2 hippogriffs
  2 redbacks (Lair:3)
  2 shadows
  27 yaks
  A wyvern (D:11)
  4 hogs (D:12)
  2 wraiths
  A basilisk (Lair:1)
  Menkaure (D:6)
  A hungry ghost (D:12)
  A warg (D:11)
  A soldier ant (D:10)
  2 water moccasins
  5 porcupines
  3 black bears
  3 slaves (D:8)
  9 orc warriors
  3 sky beasts
  3 ice beasts
  An eye of draining (D:11)
  8 centaurs
  A necrophage (D:12)
  10 ogres
  3 wolves (Lair:3)
  2 phantoms
  2 crocodiles
  13 bullfrogs
  4 wyvern zombies
  3 big kobolds
  Blork the orc (D:6)
  A wyvern skeleton (D:13)
  3 howler monkeys
  9 crimson imps
  3 bullfrog zombies
  3 centaur zombies
  A quasit (D:10)
  9 jellies
  19 orc wizards
  10 hounds
  14 orc priests
  A gnoll shaman (D:5)
  A bullfrog skeleton (D:10)
  3 iguanas
  13 worker ants
  A worker ant zombie (D:8)
  7 gnolls
  A howler monkey skeleton (D:8)
  13 adders
  4 shadow imps
  5 oozes (D:9)
  2 adder skeletons
  An adder zombie (D:10)
  3 worms
  3 dart slugs
  9 leopard geckos
  43 orcs
  3 ball pythons
  8 bats
  5 giant cockroaches
  7 goblins
  9 hobgoblins
  15 jackals
  3 quokkas
  4 frilled lizards
  A giant cockroach zombie (D:6)
  19 kobolds
  A leopard gecko skeleton (D:4)
  A quokka zombie (D:8)
  5 rats
  A bush (D:7)
456 creatures vanquished.

Vanquished Creatures (collateral kills)
  A hog (D:13)
  A swamp worm (shapeshifter) (D:14)
  An ogre (shapeshifter) (D:14)
3 creatures vanquished.

Vanquished Creatures (others)
  An orc wizard (D:5)
1 creature vanquished.

Grand Total: 460 creatures vanquished

Notes
Turn   | Place    | Note
-------+----------+-------------------------------------------
     0 | D:1      | ryderamthor the Troll Berserker began the quest for the
                  | Orb.
     0 | D:1      | Reached XP level 1. HP: 22/22 MP: 0/0
   103 | D:1      | Reached XP level 2. HP: 29/29 MP: 1/1
   319 | D:1      | Reached XP level 3. HP: 36/36 MP: 2/2
   405 | D:1      | Reached ** piety under Trog
   690 | D:2      | Found a shattered altar of Ashenzari.
   863 | D:2      | Found a sparkling altar of Nemelex Xobeh.
   864 | D:2      | Found a burning altar of Makhleb.
  1271 | D:3      | Reached XP level 4. HP: 41/44 MP: 3/3
  1317 | D:3      | Reached skill level 5 in Unarmed Combat
  1665 | D:3      | Found a sparkling altar of Nemelex Xobeh.
  1683 | D:3      | Found a glowing golden altar of the Shining One.
  1783 | D:3      | Found a shadowy altar of Dithmenos.
  1950 | D:4      | Reached XP level 5. HP: 50/50 MP: 4/4
  2032 | D:4      | Reached *** piety under Trog
  2179 | D:4      | Found an opulent altar of Gozag.
  2439 | D:4      | Noticed an ogre
  2445 | D:4      | Killed an ogre
  2445 | D:4      | Reached XP level 6. HP: 59/59 MP: 5/5
  2783 | D:5      | Entered Level 5 of the Dungeon
  2787 | D:5      | Reached XP level 7. HP: 64/66 MP: 6/6
  3233 | D:5      | Reached XP level 8. HP: 73/74 MP: 7/7
  3235 | D:5      | Reached skill level 10 in Unarmed Combat
  3239 | D:5      | Reached **** piety under Trog
  3696 | D:5      | Found a staircase to the Ecumenical Temple.
  3791 | D:6      | Noticed Grinder
  3811 | D:6      | Killed Grinder
  3892 | D:6      | Noticed Menkaure
  3908 | D:6      | Killed Menkaure
  3908 | D:6      | Reached skill level 5 in Fighting
  4132 | D:6      | Reached XP level 9. HP: 80/89 MP: 8/8
  4342 | D:6      | Noticed Blork the orc
  4348 | D:6      | Killed Blork the orc
  4493 | D:6      | Reached ***** piety under Trog
  4850 | D:7      | Found an opulent altar of Gozag.
  4873 | D:7      | Reached skill level 3 in Dodging
  4910 | D:7      | Reached skill level 4 in Dodging
  4968 | D:7      | Found a blossoming altar of Fedhas.
  5334 | D:7      | Got an ichor-stained falchion
  5335 | D:7      | Identified the +6 falchion of Nedaur {slice, rElec rN+ SInv
                  | Stlth+} (You found it on level 7 of the Dungeon)
  5522 | D:8      | Reached skill level 5 in Dodging
  5760 | D:8      | Reached skill level 6 in Dodging
  5810 | D:8      | Got a bound silver ring
  5811 | D:8      | Lost intelligence.
  5811 | D:8      | Identified the ring "Ligg" {rPois rF+ rN+++ Int-5 SInv}
                  | (You found it on level 8 of the Dungeon)
  6128 | D:8      | Received a gift from Trog
  6175 | D:8      | Noticed Pikel
  6189 | D:8      | Killed Pikel
  6189 | D:8      | Reached XP level 10. HP: 53/102 MP: 9/9
  6678 | D:8      | Found a deep blue altar of Sif Muna.
  6778 | D:9      | Reached skill level 7 in Dodging
  6840 | D:9      | Found a runed translucent gate.
  6843 | D:9      | Found a runed translucent gate.
  6843 | D:9      | Found a runed translucent gate.
  6852 | D:9      | Found a runed translucent door.
  6867 | D:9      | Noticed Psyche
  7086 | D:9      | Killed Psyche
  7123 | D:9      | Lost intelligence.
  7154 | D:9      | Noticed a two-headed ogre
  7178 | D:9      | Reached skill level 8 in Dodging
  7182 | D:9      | Killed a two-headed ogre
  7380 | D:9      | Reached skill level 9 in Dodging
  7413 | D:9      | Found the +9 staff of Olgreb {rPois}
  7421 | D:9      | Found a runed translucent door.
  7625 | D:9      | Found a basalt altar of Yredelemnul.
  7625 | D:9      | Found a hide-covered altar of Uskayaw.
  7652 | D:10     | Entered Level 10 of the Dungeon
  8024 | D:10     | Reached skill level 10 in Dodging
  8028 | D:10     | Reached XP level 11. HP: 85/109 MP: 10/10
  8832 | D:11     | Noticed a brown ugly thing
  8862 | D:11     | Killed a brown ugly thing
  9076 | D:11     | Noticed Erolcha
  9080 | D:11     | Reached skill level 11 in Dodging
  9667 | D:11     | Reached skill level 1 in Maces & Flails
  9672 | D:11     | Received a gift from Trog
  9896 | D:11     | Killed Erolcha
  9959 | D:11     | You fall through a shaft for 3 floors!
  9995 | D:14     | Paralysed by a hornet for 3 turns
 10009 | D:14     | Noticed a four-headed hydra
 10322 | D:14     | Noticed a deep elf mage
 10328 | D:14     | Killed a deep elf mage
 10390 | D:14     | Noticed a two-headed ogre
 10460 | D:14     | Reached skill level 5 in Maces & Flails
 10887 | D:13     | Noticed Snorg
 11253 | D:14     | Reached XP level 12. HP: 111/118 MP: 11/11
 11484 | D:13     | Killed Snorg
 11658 | D:13     | Noticed a two-headed ogre
 11668 | D:13     | Killed a two-headed ogre
 11675 | D:13     | Found a gate to the Vaults.
 11675 | D:13     | Noticed a vault guard
 11675 | D:13     | Noticed a vault guard
 11675 | D:13     | Noticed a vault guard
 11675 | D:13     | Noticed a vault guard
 11675 | D:13     | Noticed a vault guard
 11675 | D:13     | Noticed a centaur warrior
 11675 | D:13     | Noticed a vault guard
 11676 | D:13     | Noticed a vault guard
 11676 | D:13     | Noticed a vault guard
 11712 | D:13     | Noticed a tengu warrior
 11781 | D:14     | Killed a tengu warrior
 11839 | D:14     | Killed a vault guard
 11844 | D:14     | Killed a vault guard
 11897 | D:14     | HP: 2/177 [vault guard/+0 war axe (22)]
 11898 | D:14     | Killed a vault guard
 11936 | D:14     | Killed a vault guard
 12047 | D:14     | Killed a centaur warrior
 12047 | D:14     | Reached skill level 10 in Maces & Flails
 12193 | D:14     | Killed a vault guard
 12236 | D:14     | Killed a vault guard
 12491 | D:13     | Killed a vault guard
 12553 | D:13     | Killed a vault guard
 13082 | D:12     | Found Hooheyni's Antique Weapon Shop.
 13148 | D:12     | Reached skill level 5 in Shields
 13176 | D:12     | Reached XP level 13. HP: 113/124 MP: 12/12
 13183 | D:12     | Received a gift from Trog
 13247 | D:12     | Noticed Jorgrun
 13264 | D:12     | Killed Jorgrun
 14329 | D:12     | Found a portal to a secret trove of treasure.
 14530 | D:13     | Noticed Kirke
 15602 | D:11     | Found a staircase to the Orcish Mines.
 15645 | D:11     | Found a staircase to the Lair.
 16168 | Lair:1   | Entered Level 1 of the Lair of Beasts
 17569 | Lair:2   | Noticed Erica
 17579 | Lair:2   | Killed Erica
 17692 | Lair:2   | Found a gate leading to a gauntlet.
 17997 | Lair:2   | Reached skill level 10 in Shields
 18484 | Lair:3   | Found a staircase to the Swamp.
 18715 | Lair:3   | Found a hole to the Spider Nest.
 18784 | Spider:1 | Entered Level 1 of the Spider Nest
 18794 | Lair:3   | Mangled by a wolf spider

Skill      XL: |  1  2  3  4  5  6  7  8  9 10 11 12 13 |
---------------+----------------------------------------+-----
Unarmed Combat | 4 5 7 8 9 10 | 10.3
Fighting       | 5 7 |  7.0
Dodging        | 6 10 11 | 11.4
Maces & Flails | 6 10 | 10.2
Shields        | 5 10 | 10.4

Action                   |  1- 3 |  4- 6 |  7- 9 | 10-12 | 13-15 || total
-------------------------+-------+-------+-------+-------+-------++-------
Melee: Unarmed           |    94 |   112 |   329 |   710 |   301 ||  1546
       Punch             |       |     4 |    19 |    41 |    17 ||    81
       Giant spiked club |       |       |       |    21 |    16 ||    37
Invok: Berserk           |       |       |       |    15 |    14 ||    29
       Trog's Hand       |       |       |       |     6 |     1 ||     7
       Brothers in Arms  |       |       |       |     1 |     1 ||     2
  Use: Scroll            |       |       |    12 |     7 |     7 ||    26
       Potion            |       |       |       |     7 |     2 ||     9
 Stab: Sleeping          |     1 |       |       |       |     1 ||     2
       Distracted        |       |       |       |       |     1 ||     1
  Eat: Chunk             |    17 |    14 |    31 |    60 |    47 ||   169
       Ration            |       |       |       |     6 |     7 ||    13
Armor: Animal skin       |    42 |    37 |    65 |    76 |       ||   220
       Troll leather arm |       |       |       |    58 |     2 ||    60
       Robe              |       |       |       |       |    40 ||    40
Dodge: Dodged            |    39 |    53 |   173 |   544 |   323 ||  1132
       Deflected         |       |       |       |    16 |     7 ||    23
